Map: Apotheosis LE

Players

Fropez

  • Race: Protoss Protoss
  • League: Gold
  • Spawn Location: 11:00

TwoEZ - Winner!

  • Race: Protoss Protoss
  • Spawn Location: 5:00

VOD

Have the link to the VOD?

Description

Time

  • Played on: Oct. 12, 2016, 4:41 p.m.
  • Length: 17:13
Show
View Real Time Build Order
Export as new Build Order

Fropez Protoss 

Build Orders: 1 Gate Expand, Zealot Archon 

Get SALT Encoding   

  12  0:02  Probe (Chrono Boost)  
  13  0:17  Pylon  
  13  0:19  Probe (Chrono Boost)  
  14  0:29  Probe (Chrono Boost)  
  15  0:35  Gateway  
  15  0:40  Probe (Chrono Boost)  
  16  0:50  Assimilator  
  16  0:51  Probe (Chrono Boost)  
  17  1:03  Probe (Chrono Boost), Gateway  
  18  1:31  Nexus  
  18  1:34  Probe (Chrono Boost)  
  19  1:45  Probe (Chrono Boost)  
  20  1:51  Cybernetics Core  
  20  1:55  Probe (Chrono Boost)  
  20  2:00  Assimilator  
  21  2:25  Pylon  
  21  2:28  Warp Gate (Chrono Boost)  
  23  2:30  Mothership Core (Chrono Boost)  
  23  2:45  Pylon  
  23  2:46  Pylon  
  23  2:52  Probe  
  24  3:04  Probe  
  24  3:05  Probe  
  25  3:06  Adept  
  25  3:07  Adept  
  30  3:14  Pylon  
  30  3:21  Probe  
  30  3:22  Probe  
  30  3:24  Twilight Council  
  32  3:36  Probe  
  32  3:39  Gateway  
  33  3:42  Adept  
  33  3:47  Adept  
  37  3:56  Probe  
  37  3:57  Probe  
  37  4:00  Blink (Chrono Boost)  
  39  4:07  Probe  
  40  4:10  Probe  
  41  4:17  Templar Archives  
  41  4:19  Probe  
  42  4:33  Assimilator  
  42  4:34  Stalker  
  42  4:35  Stalker  
  46  4:44  Pylon, Stalker  
  48  4:50  Probe  
  49  5:05  Probe x2  
  49  5:06  Assimilator  
  51  5:12  Stalker  
  51  5:13  Stalker x2  
  57  5:18  Pylon  
  57  5:20  Probe x2  
  59  5:45  Stalker x3  
  65  5:58  Probe  
  65  6:00  Probe  
  67  6:09  Probe  
  68  6:12  Probe  
  69  6:19  High Templar x2  
  69  6:23  Archon  
  73  6:25  Stalker  
  73  6:32  Pylon  
  75  6:54  Gateway  
  75  7:02  Nexus  
  75  7:05  Stalker x2  
  75  7:06  Pylon, Stalker  
  81  7:08  Pylon  
  81  7:21  Gateway  
  81  7:24  Gateway  
  81  7:26  Gateway  
  81  7:29  Probe  
  81  7:30  Probe  
  81  7:36  High Templar x2  
  87  7:49  High Templar x2  
  87  7:51  Archon  
  91  8:06  Robotics Facility  
  91  8:12  Pylon  
  91  8:16  Gateway  
  91  8:17  Probe  
  91  8:18  Probe, Gateway  
  93  8:21  Probe  
  94  8:30  Stalker  
  94  8:31  Stalker x3  
  83  8:56  Stalker x4  
  83  8:59  Stalker x3  
  90  9:05  Warp Prism (Chrono Boost)  
  92  9:16  Probe  
  92  9:17  Probe  
  92  9:18  Probe  
  95  9:33  Nexus  
  95  9:36  Assimilator  
  95  9:39  Observer (Chrono Boost)  
  95  9:41  Assimilator  
  95  9:44  Pylon  
  96  9:55  High Templar x3  
  96  9:56  High Templar x2  
  96  9:57  Assimilator  
  96  9:58  Assimilator  
  106  10:00  Archon x2  
  106  10:02  Pylon  
  106  10:11  Forge  
  106  10:14  Pylon, Forge  
  106  10:16  Pylon  
  106  10:20  Adept x3  
  106  10:21  Adept  
  100  10:37  Stalker  
  100  10:38  Stalker x4  
  98  10:50  Stalker x2  
  98  10:51  Stalker x2  
  94  11:10  Stalker x2  
  94  11:11  Stalker x2  
  89  11:13  Pylon  
  78  11:25  Stalker x2  
  74  11:53  Probe x2  
  75  11:54  Probe  
  77  12:02  Protoss Ground Weapons Level 1 (Chrono Boost), Protoss Ground Armor Level 1 (Chrono Boost)  
  73  12:17  Adept x5  
  69  12:39  Zealot x2  
  69  12:40  Zealot x3  
  75  12:50  Probe  
  76  12:51  Probe x2  
  72  13:03  Probe  
  73  13:06  Nexus  
  73  13:14  Immortal  
  77  13:21  Probe  
  77  13:22  Probe x2  
  80  13:51  Adept x5  
  80  13:52  Adept x2  
  94  14:10  Immortal  
  94  14:14  Protoss Ground Armor Level 2 (Chrono Boost), Protoss Ground Weapons Level 2 (Chrono Boost)  
  98  14:31  Pylon  
  98  14:32  Resonating Glaives  
  98  14:33  Pylon  
  98  14:36  Pylon  
  98  14:38  Adept x3  
  90  14:55  Adept x3  
  88  15:09  Adept x3  
  88  15:43  Assimilator  
  88  15:46  Assimilator  
  88  15:54  Photon Cannon  
  88  15:56  Photon Cannon  
  88  15:59  Photon Cannon  
  88  16:13  Photon Cannon  
  88  16:16  Photon Cannon  
  88  16:20  High Templar x5, Pylon  
  88  16:22  Archon  
  88  16:24  Archon x2  
  98  17:01  Adept x6  
Show
View Real Time Build Order
Export as new Build Order

TwoEZ Protoss - Winner!

Build Orders: Colossus Rush 

Get SALT Encoding   

  12  0:01  Probe (Chrono Boost)  
  13  0:11  Probe (Chrono Boost)  
  14  0:22  Probe (Chrono Boost)  
  14  0:25  Pylon  
  15  0:43  Probe (Chrono Boost)  
  16  0:54  Probe (Chrono Boost), Gateway  
  17  1:03  Assimilator  
  17  1:04  Probe (Chrono Boost)  
  17  1:09  Pylon  
  18  1:15  Probe (Chrono Boost)  
  20  1:25  Probe (Chrono Boost)  
  20  1:36  Forge  
  20  1:45  Cybernetics Core  
  20  1:59  Probe (Chrono Boost)  
  21  2:04  Nexus  
  21  2:09  Probe (Chrono Boost)  
  22  2:20  Probe (Chrono Boost), Assimilator  
  23  2:23  Warp Gate (Chrono Boost)  
  23  2:31  Probe  
  24  2:43  Probe  
  25  2:46  Stalker (Chrono Boost)  
  27  2:56  Pylon, Mothership Core  
  29  3:14  Stalker  
  29  3:17  Probe  
  31  3:23  Probe  
  32  3:28  Protoss Ground Weapons Level 1 (Chrono Boost)  
  32  3:33  Probe  
  32  3:41  Robotics Facility  
  33  3:44  Probe  
  34  3:54  Probe  
  35  4:03  Gateway  
  35  4:04  Gateway  
  35  4:05  Probe  
  36  4:15  Probe  
  36  4:17  Photon Cannon  
  36  4:20  Photon Cannon  
  37  4:26  Probe  
  37  4:29  Observer (Chrono Boost)  
  39  4:34  Robotics Bay  
  39  4:37  Probe  
  39  4:38  Assimilator  
  40  4:40  Assimilator  
  40  4:46  Stalker  
  40  4:47  Probe  
  43  4:58  Probe  
  44  5:01  Twilight Council  
  44  5:08  Probe  
  44  5:10  Protoss Ground Armor Level 1 (Chrono Boost)  
  45  5:14  Warp Prism (Chrono Boost)  
  45  5:19  Probe  
  48  5:22  Pylon  
  48  5:31  Probe  
  48  5:38  Stalker  
  50  5:43  Probe  
  50  5:48  Colossus (Chrono Boost)  
  57  5:55  Probe  
  58  6:16  Zealot  
  58  6:17  Zealot  
  62  6:19  Nexus  
  62  6:26  Pylon  
  62  6:38  Colossus (Chrono Boost)  
  62  6:39  Extended Thermal Lance (Chrono Boost)  
  62  6:47  Pylon  
  68  6:50  Pylon  
  68  6:53  Charge (Chrono Boost)  
  68  7:04  Probe, Assimilator  
  68  7:06  Zealot x3  
  68  7:08  Assimilator  
  75  7:26  Gateway  
  75  7:27  Gateway  
  75  7:37  Probe  
  75  7:39  Colossus  
  82  7:46  Sentry x2  
  82  7:48  Probe  
  87  7:58  Probe  
  88  8:10  Protoss Ground Weapons Level 2 (Chrono Boost)  
  88  8:16  Zealot x2  
  88  8:17  Zealot  
  94  8:33  Colossus (Chrono Boost)  
  98  8:48  Nexus  
  96  8:49  Probe  
  96  8:55  Pylon  
  97  9:00  Probe  
  92  9:14  Colossus  
  90  9:18  Gateway  
  90  9:19  Gateway  
  90  9:22  Pylon  
  96  9:29  Stalker x2  
  100  9:40  Zealot x2  
  100  9:41  Zealot  
  106  9:58  Probe  
  107  10:08  Probe  
  108  10:15  Protoss Ground Armor Level 2 (Chrono Boost), Zealot x2  
  108  10:16  Zealot x3  
  108  10:17  Pylon  
  116  10:29  Pylon  
  103  10:48  Zealot x5  
  74  11:09  Stalker x3, Zealot  
  74  11:10  Zealot  
  76  11:25  Colossus  
  74  11:39  Zealot  
  70  11:53  Stalker x2  
  74  12:02  Zealot x2  
  76  12:11  Colossus  
  76  12:12  Probe  
  75  12:21  Mothership Core  
  79  12:36  Zealot  
  81  12:37  Zealot  
  83  12:53  Probe  
  83  12:58  Pylon  
  84  13:03  Probe  
  84  13:05  Sentry x4  
  93  13:22  Stalker x2  
  97  13:52  Zealot  
  97  13:54  Zealot x4  
  106  14:15  Nexus  
  106  14:40  Colossus  
  104  14:49  Pylon  
  104  14:50  Stalker  
  104  14:51  Stalker  
  104  15:07  Stalker x2  
  108  15:27  Stalker, Zealot x2  
  114  15:29  Sentry  
  116  15:44  Probe  
  117  15:55  Probe  
  118  16:02  Gateway  
  118  16:05  Probe  
  119  16:12  Pylon  
  119  16:16  Probe  
  120  16:19  Stalker, Zealot  
  120  16:21  Pylon  
Tags
 
Composition
Zealot Archon
League
Gold
Matchup
PvP
Replay Pack
All Mines
Spawn Locations
Cross Positions
Add a new tag
Caveats
  • Supply blocks, unpowered buildings, or Contaminate may cause inaccurate times.
  • Supply counts are checked every 10 seconds.